 Dungeon Crawl Stone Soup version 0.25.0-11-g1f837a76a1 (console) character file.

Game seed: 65780710712866764

5180 bli the Martial Artist (level 10, 0/83 HPs)
             Began as a Pale Draconian Transmuter on June 27, 2020.
             Was a Priest of Okawaru.
             Killed by divine providence
             ... invoked by an orc priest
              (11 damage)
             ... on level 9 of the Dungeon.
             The game lasted 00:41:57 (11199 turns).

bli the Martial Artist (Pale Draconian Transmuter) Turns: 11199, Time: 00:41:57

Health: 0/83       AC:  2    Str: 12    XL:     10   Next: 34%
Magic:  17/20      EV: 22    Int: 16    God:    Okawaru [***...]
Gold:   497        SH:  5    Dex: 18    Spells: 7/22 levels left

rFire    . . .     SeeInvis +     - Unarmed
rCold    . . .     Gourm    .   (shield currently unavailable)
rNeg     . . .     Faith    .   (armour unavailable)
rPois    x         Spirit   .   (helmet currently unavailable)
rElec    .         Reflect  +   (cloak currently unavailable)
rCorr    .         Harm     .   (gloves currently unavailable)
MR       .....                  (boots currently unavailable)
Stlth    +.........             n - amulet of reflection
HPRegen  0.23/turn              u - ring of attention (curse)
MPRegen  0.17/turn              y - ring of see invisible

@: spider-form
A: tiny, (breathe steam), unfitting armour, AC +7
a: End Transformation, Heroism, Renounce Religion


You were on level 9 of the Dungeon.
You worshipped Okawaru.
Okawaru was most pleased with you.
You were hungry.
You were a venomous arachnid creature.
You visited 2 branches of the dungeon, and saw 10 of its levels.
You also visited: Ossuary.

You collected 497 gold pieces.

Inventory:

Hand Weapons
 H - a +0 dagger of speed
Missiles
 a - 72 arrows
 b - 207 stones
 i - 5 throwing nets
 E - 5 boomerangs (quivered)
 M - 4 atropa-tipped darts
Armour
 f - a +0 cloak (melded)
 L - a +0 pair of gloves (melded)
Jewellery
 n - an amulet of reflection (around neck)
 u - a cursed ring of attention (left front leg)
 y - a ring of see invisible (right front leg)
Wands
 v - a wand of polymorph (10)
 x - a wand of iceblast (14)
 D - a wand of disintegration (4)
 J - a wand of paralysis (6)
 P - a wand of flame (37)
Scrolls
 d - 10 scrolls of identify {unknown}
 e - 3 scrolls of teleportation {unknown}
 h - a scroll of amnesia {unknown}
 j - a scroll of noise {unknown}
 m - 4 scrolls of remove curse {unknown}
 q - 3 scrolls of enchant armour {unknown}
 w - a scroll of enchant weapon {unknown}
 B - a scroll of vulnerability {unknown}
 C - 2 scrolls of fog {unknown}
 F - a scroll of magic mapping {unknown}
 K - a scroll of blinking {unknown}
 N - a scroll of acquirement {unknown}
 Q - a scroll of random uselessness {unknown}
Potions
 g - a potion of stabbing {unknown}
 k - a potion of mutation {unknown}
 l - a potion of magic {unknown}
 o - a potion of ambrosia {unknown}
 p - 2 potions of lignification {unknown}
 r - 2 potions of cancellation {unknown}
 s - 2 potions of haste
 t - 2 potions of might {unknown}
 z - 2 potions of curing
 A - a potion of experience {unknown}
 G - a potion of brilliance {unknown}
 I - a potion of flight {unknown}
Comestibles
 c - 8 rations


   Skills:
 + Level 6.0 Fighting
 + Level 4.1 Dodging
 + Level 2.7 Stealth
 * Level 9.8 Unarmed Combat
 * Level 6.8 Spellcasting
 + Level 5.4 Transmutations
 + Level 2.5 Ice Magic
 + Level 1.4 Poison Magic
 + Level 1.7 Evocations


You had 7 spell levels left.
You knew the following spells:

 Your Spells              Type           Power        Failure   Level  Hunger
a - Beastly Appendage     Tmut           ###...       6%          1    None
b - Sticks to Snakes      Tmut           ###.....     8%          2    None
B - Blade Hands           Tmut           ###.......   58%         5    #####..
I - Ice Form              Ice/Tmut       ###.....     45%         4    ####...
S - Spider Form           Tmut/Pois      ###.......   22%         3    ##.....

Your spell library contained the following spells:

 Spells                   Type           Power        Failure   Level  Hunger


Dungeon Overview and Level Annotations

Branches:
Dungeon (9/15)             Temple (1/1) D:7         Ossuary (visited)
   Lair: D:8-11         Orc: D:9-12

Altars:
Ashenzari
Dithmenos
Elyvilon
Fedhas
Gozag
Hepliaklqana
Kikubaaqudgha
Makhleb
Nemelex Xobeh
Okawaru
Ru
Sif Muna
Trog
Uskayaw
Vehumet
Wu Jian
Xom
Yredelemnul
Zin

Annotations:
D:7 2 transporters, Jaiteiro's ghost, novice GnCj


Innate Abilities, Weirdness & Mutations

((You can breathe blasts of scalding, opaque steam.))
((Your pale cyan-grey scales are hard. (AC +7)))
You cannot fit into any form of body armour.
((You are cold-blooded and may be slowed by cold attacks.))


Message History

Okawaru accepts your kill.
The orc priest invokes the aid of Beogh against you.
Pain shoots through your body!
* * * LOW HITPOINT WARNING * * *
You hit the orc priest but do no damage.
The orc priest is poisoned.
You are no longer corroded.
A two-headed ogre comes into view.
It is wielding a +0 giant spiked club and a +0 giant club.
The orc priest calls upon Beogh to heal the orc priest.
The orc priest is healed somewhat.
The orc priest hits you.
* * * LOW HITPOINT WARNING * * *
You hit the orc priest but do no damage.
The orc priest is moderately wounded.
The orc priest closely misses you.
You hit the orc priest but do no damage.
The orc priest looks as sick as possible!
The orc priest barely misses you. The orc priest completely misses you.
The orc priest calls down the wrath of Beogh upon you.
Beogh smites you!
You die...

###....# #.#### #.#
#..#..#### #.# #.#
#.##.....# #.# #.# ..
#...#.## #.# #.# ##
###.#..### ##.# #.#
#..#...# ##..# #.#
##.###.###..## #.#
#.....#...## #.#
#####.....# #.# #.#...#
#.# #.#s..# #########.#
#####)....####.........#
#.....oo.......#########
........O########
######....# ###....
....... ..###.... ....
.... .### ... ## ##


You could see a two-headed ogre and 2 orc priests.

Vanquished Creatures
  Harold (D:9)
  A two-headed ogre (D:8)
  A hungry ghost (D:8)
  Grum (D:8)
  2 water moccasins
  Duvessa (D:5)
  An orc warrior (D:8)
  A phantom (D:7)
  A black bear (D:8)
  2 ogres
  2 wolves (D:8)
  2 centaurs
  4 elf zombies (Ossuary)
  3 bullfrogs
  Dowan (D:5)
  2 scorpions
  5 killer bees (D:8)
  5 wights (D:7)
  2 howler monkeys
  2 centaur zombies (Ossuary)
  4 crimson imps
  3 jellies
  2 hounds (D:8)
  An orc priest (D:9)
  A bullfrog skeleton (D:5)
  6 human zombies (Ossuary)
  An orc wizard (D:6)
  An iguana (D:7)
  3 worker ants
  3 mummies (Ossuary)
  A howler monkey zombie (D:8)
  A worker ant zombie (D:6)
  Robin (D:2)
  3 gnolls (D:6)
  10 adders
  2 howler monkey skeletons
  4 shadow imps
  3 oozes
  3 adder skeletons
  5 dart slugs
  6 leopard geckos
  15 orcs
  5 giant cockroaches
  12 goblins
  12 hobgoblins
  7 jackals (D:1)
  9 kobolds
  2 quokkas
  6 bats
  10 frilled lizards
  A jackal skeleton (D:7)
  A leopard gecko zombie (D:7)
  8 rats
192 creatures vanquished.

Vanquished Creatures (collateral kills)
  A hippogriff (D:7)
  An ice beast (D:7)
  A centaur (D:9)
  A bullfrog (D:6)
  Terence (D:2)
  A gnoll (D:6)
  A worm zombie (D:5)
  4 orcs
  A goblin (D:2)
  A hobgoblin (D:2)
13 creatures vanquished.

Vanquished Creatures (others)
  A quokka (D:7)
1 creature vanquished.

Grand Total: 206 creatures vanquished

Notes
Turn   | Place    | Note
-------+----------+-------------------------------------------
     0 | D:1      | bli the Draconian Transmuter began the quest for the Orb.
     0 | D:1      | Reached XP level 1. HP: 16/16 MP: 3/3
    48 | D:1      | Reached XP level 2. HP: 7/23 MP: 5/5
   803 | D:1      | Reached XP level 3. HP: 14/28 MP: 4/6
   821 | D:1      | Learned a level 2 spell: Sticks to Snakes
   850 | D:1      | Reached skill level 4 in Unarmed Combat
  1356 | D:2      | Found a radiant altar of Vehumet.
  1412 | D:2      | Noticed Robin
  1692 | D:2      | Killed Robin
  1692 | D:2      | Reached XP level 4. HP: 19/35 MP: 0/7
  2068 | D:2      | Noticed Terence
  2081 | D:2      | Killed Terence
  2482 | D:2      | Learned a level 3 spell: Spider Form
  3240 | D:3      | Reached XP level 5. HP: 41/41 MP: 6/9
  3533 | D:4      | Learned a level 4 spell: Ice Form
  3619 | D:4      | Found a glowing silver altar of Zin.
  4041 | D:5      | Entered Level 5 of the Dungeon
  4070 | D:5      | Found a sand-covered staircase.
  4110 | Ossuary  | Entered an ossuary
  4124 | Ossuary  | Reached skill level 5 in Unarmed Combat
  4124 | Ossuary  | Reached XP level 6. HP: 32/48 MP: 9/11
  4479 | Ossuary  | Your scales start taking on a pale cyan-grey colour.
  4479 | Ossuary  | Reached XP level 7. HP: 17/56 MP: 13/13
  4670 | Ossuary  | Reached skill level 6 in Unarmed Combat
  5405 | D:5      | Noticed Dowan
  5406 | D:5      | Noticed Duvessa
  5433 | D:5      | Killed Dowan
  5466 | D:5      | Killed Duvessa
  5466 | D:5      | Reached skill level 1 in Poison Magic
  5466 | D:5      | Reached XP level 8. HP: 39/63 MP: 12/15
  5950 | D:5      | Reached skill level 1 in Ice Magic
  5950 | D:5      | Reached skill level 1 in Evocations
  5952 | D:5      | Found a sparkling altar of Nemelex Xobeh.
  6374 | D:6      | Reached skill level 7 in Unarmed Combat
  6415 | D:6      | Reached skill level 5 in Spellcasting
  6717 | D:6      | Found a shadowy altar of Dithmenos.
  7558 | D:6      | Reached skill level 1 in Stealth
  8091 | D:7      | Found a shattered altar of Ashenzari.
  8091 | D:7      | Noticed a hippogriff
  8101 | D:7      | Killed a hippogriff
  8248 | D:7      | Reached XP level 9. HP: 70/70 MP: 16/18
  8348 | D:7      | Found a shimmering altar of Xom.
  8348 | D:7      | Found a shimmering altar of Xom.
  8348 | D:7      | Found a shimmering altar of Xom.
  8350 | D:7      | Found a shimmering altar of Xom.
  8350 | D:7      | Found a shimmering altar of Xom.
  8350 | D:7      | Found a shimmering altar of Xom.
  8350 | D:7      | Found a shimmering altar of Xom.
  8350 | D:7      | Found a shimmering altar of Xom.
  8352 | D:7      | Found a shimmering altar of Xom.
  8352 | D:7      | Found a shimmering altar of Xom.
  8457 | D:7      | Found a white marble altar of Elyvilon.
  8490 | D:7      | Learned a level 5 spell: Blade Hands
  8559 | D:7      | Found a staircase to the Ecumenical Temple.
  8571 | Temple   | Entered the Ecumenical Temple
  8727 | Temple   | Became a worshipper of Warmaster Okawaru
  9293 | D:7      | Noticed an anaconda
  9293 | D:7      | Noticed a cyclops
  9338 | D:7      | Noticed a cyclops
  9338 | D:7      | Noticed a deep troll
  9344 | D:7      | a deep troll changed into a dream sheep
  9357 | D:7      | Noticed a guardian serpent
  9357 | D:7      | a dream sheep changed into a guardian serpent
  9446 | D:7      | Found a bloodstained altar of Trog.
  9446 | D:7      | Noticed Jaiteiro's ghost (novice GnCj)
  9446 | D:7      | Noticed a cyclops
  9446 | D:7      | Noticed a moth of wrath
  9446 | D:7      | Identified the +8 dagger of Expedience {vamp, *Corrode MR+
                  | Stlth+}
  9464 | D:7      | Found a transporter.
  9466 | D:7      | Found a transporter.
  9680 | D:8      | Reached skill level 8 in Unarmed Combat
  9774 | D:8      | Found a glowing silver altar of Zin.
  9779 | D:8      | Noticed Grum
  9812 | D:8      | Reached * piety under Okawaru
  9831 | D:8      | Reached skill level 5 in Fighting
  9838 | D:8      | Killed Grum
 10138 | D:8      | Reached skill level 5 in Transmutations
 10482 | D:8      | Noticed a two-headed ogre
 10489 | D:8      | Killed a two-headed ogre
 10489 | D:8      | Reached ** piety under Okawaru
 10489 | D:8      | Reached skill level 9 in Unarmed Combat
 10489 | D:8      | Reached XP level 10. HP: 82/83 MP: 14/19
 10827 | D:9      | Found an ornate altar of the Wu Jian Council.
 10876 | D:9      | Noticed Harold
 10893 | D:9      | Killed Harold
 10893 | D:9      | Reached *** piety under Okawaru
 11196 | D:9      | Noticed a two-headed ogre
 11199 | D:9      | Killed from afar by an orc priest

Illustrated notes

Levels and vault maps discovered:
D:1:      nzn_arrival_water_spiral, layout_rooms
D:2:      layout_basic, vehumet_crystals, first_ration, uniq_robin, uniq_terence
D:3:      layout_loops_ring
D:4:      layout_rooms, kennysheep_little_box
D:5:      layout_loops_corners, enter_ossuary_3, nemelex_dance_club_becter,
          uniq_duvessa
D:6:      layout_layer_cave, grunt_dithmenos_shadows
D:7:      layout_basic, elyvilon_altar_4, ashenzari_conservatory_becter,
          minmay_temple_entry_arrows, gammafunk_ghost_wrathful_warriors,
          xom_shifter_show
D:8:      layout_rooms, basic_altar, uniq_grum
D:9:      layout_rooms, lemuel_crystal_altar, nicolae_overflow_hidden_temple,
          lair_entry_dummy, minmay_orc_entry_guard_dogs, uniq_harold
Temple:   dshaligram_water_room_temple

Skill      XL: |  1  2  3  4  5  6  7  8  9 10 |
---------------+-------------------------------+-----
Dodging        | 2 3 4 |  4.1
Unarmed Combat | 4 5 6 7 9 |  9.8
Spellcasting   | 3 4 6 |  6.8
Fighting       | 2 3 5 6 |  6.0
Transmutations | 3 4 5 |  5.4
Poison Magic   | 1 |  1.4
Ice Magic      | 1 2 |  2.5
Evocations     | 1 |  1.7
Stealth        | 1 2 |  2.7

Action                   |  1- 3 |  4- 6 |  7- 9 | 10-12 || total
-------------------------+-------+-------+-------+-------++-------
Melee: Unarmed           |   154 |   267 |   425 |    46 ||   892
       Tailslap          |    18 |    41 |    30 |     2 ||    91
       Kick              |     5 |    16 |    43 |     3 ||    67
       Headbutt          |     1 |    17 |    24 |     1 ||    43
       Punch             |     1 |     3 |     7 |     1 ||    12
Throw: Stone             |       |    13 |    37 |       ||    50
       Boomerang         |       |       |     1 |       ||     1
 Cast: Beastly Appendage |    16 |    27 |    43 |     2 ||    88
       Sticks to Snakes  |     3 |    10 |    26 |     3 ||    42
       Spider Form       |       |       |     4 |     2 ||     6
       Ice Form          |       |       |     6 |     1 ||     7
 Abil: Breathe Steam     |       |       |     1 |       ||     1
Evoke: Wand              |       |       |    18 |     1 ||    19
  Use: Potion            |     1 |     1 |     6 |     1 ||     9
 Stab: Distracted        |       |     2 |     2 |       ||     4
       Paralysed         |       |       |     3 |       ||     3
  Eat: Chunk             |     2 |    10 |    13 |     2 ||    27
       Ration            |       |       |     3 |       ||     3
Armor: Skin              |    54 |    66 |    90 |     9 ||   219
Dodge: Dodged            |   116 |   119 |   186 |    30 ||   451
Block: Other             |       |    52 |    93 |     8 ||   153
       Reflection        |       |     1 |     5 |       ||     6
